 Dungeon Crawl Stone Soup version 0.29-a0-878-g7b45a56547 (console) character file.

Game seed: 10498597194283796866

637 capslocke the Magician (level 7, -4/47 HPs)
             Began as a Djinni Fire Elementalist on July 20, 2022.
             Slain by Duvessa
             ... wielding a +1 short sword of flaming
              (6 damage)
             ... on level 4 of the Dungeon.
             The game lasted 00:14:51 (3909 turns).

capslocke the Magician (Djinni Fire Elementalist)   Turns: 3909, Time: 00:14:51

Health: -4/47      AC:  6    Str:  9    XL:     7   Next: 79%
Gold:   199        EV: 12    Int: 18    God:
                   SH:  0    Dex: 14

rFire   + + .      SeeInvis +   l - +9 rapier {flame, rPois rCorr}
rCold   x . .      Faith    .   (no shield)
rNeg    . . .      Spirit   .   k - +1 leather armour "Heiczon" {Str+2}
rPois   ∞          Reflect  .   u - +1 helmet {SInv}
rElec   .          Harm     .   (no cloak)
rCorr   +          Rampage  .   (no gloves)
Will    +....                   (boots unavailable)
Stlth   ++........              s - amulet of regeneration
HPRegen 0.95/turn               e - ring of willpower
MPRegen 0.00/turn               (no ring)

@: flying
A: sickness immunity, fire resistance 2, cold vulnerability 1, float, innate
caster, HP casting, extra vitality 1
a: no special abilities


You were on level 4 of the Dungeon.
You visited 1 branch of the dungeon, and saw 4 of its levels.

You collected 199 gold pieces.

Inventory:

Hand Weapons
 b - a +0 dagger
 l - the +9 rapier of the Solstice (weapon) {flame, rPois rCorr}
   (You found it on level 2 of the Dungeon)

   It burns those it strikes, dealing additional fire damage.
   rPois:     It protects you from poison.
   rCorr:     It protects you from acid and corrosion.
Missiles
 j - 13 poisoned darts
 t - 4 boomerangs
Armour
 a - a +0 robe
 k - the +1 leather armour "Heiczon" (worn) {Str+2}
   (You found it on level 2 of the Dungeon)

   Str:       It affects your strength (+2).
 u - a +1 helmet of see invisible (worn)
Jewellery
 e - a ring of willpower (left hand)
 s - an amulet of regeneration (around neck)
Wands
 q - a wand of roots (16)
Scrolls
 c - 3 scrolls of identify {unknown}
 i - a scroll of fog {unknown}
 m - 3 scrolls of teleportation {unknown}
 r - 2 scrolls of immolation {unknown}
 v - a scroll of enchant weapon {unknown}
 w - a scroll of blinking {unknown}
 x - a scroll of fear {unknown}
Potions
 d - 2 potions of attraction {unknown}
 f - 4 potions of curing {unknown}
 g - a potion of flight {unknown}
 h - a potion of heal wounds {unknown}
 n - a potion of mutation {unknown}
 o - a potion of brilliance {unknown}
 p - a potion of might {unknown}


   Skills:
 + Level 1.6 Fighting
 * Level 3.7 Short Blades
 + Level 3.6 Dodging
 - Level 1.5 Stealth
 + Level 4.9 Spellcasting


You couldn't memorise any spells.
You knew the following spells:

 Your Spells              Type           Power      Damage    Failure   Level
a - Foxfire               Conj/Fire      88%        2x1d8     2%          1
b - Scorch                Fire           44%        2d7       3%          2
c - Conjure Flame         Conj/Fire      22%        6-21      8%          3
d - Inner Flame           Hex/Fire       22%        N/A       8%          3
e - Flame Wave            Conj/Fire      22%        2d7       24%         4
f - Apportation           Tloc           44%        N/A       2%          1
g - Wereblood             Tmut           22%        N/A       3%          2
h - Confusing Touch       Hex            22%        N/A       8%          3
Your spell library was empty.

Dungeon Overview and Level Annotations

Branches:
Dungeon (4/15)
 Temple: D:4-7

Altars:

Annotations:
D:4 Duvessa


Innate Abilities, Weirdness & Mutations

You are immune to sickness and miasma.
You are immune to poison.
Your flesh is very heat resistant. (rF++)
You are vulnerable to cold. (rC-)
You float through the air rather than walking.
You learn spells naturally, not from books.
Your magical power is your life essence.
You have superior vitality. (+4 MHP)


Message History

Casting: Foxfire (safe; 2% risk of failure)
Confirm with . or Enter, or press ? or * to list all spells.
You conjure some foxfire!
Your foxfire dissipates!
Duvessa rages.
Casting: Foxfire (safe; 2% risk of failure)
Confirm with . or Enter, or press ? or * to list all spells.
You conjure some foxfire!
The foxfire hits Duvessa.
Duvessa is lightly wounded.
The foxfire hits Duvessa.
Duvessa is lightly wounded.
The foxfire hits Duvessa.
Duvessa is lightly wounded.
Duvessa rages.
Casting: Foxfire (safe; 2% risk of failure)
Confirm with . or Enter, or press ? or * to list all spells.
Flames lash Duvessa.
Duvessa is moderately wounded.
Duvessa's fire resistance burns away.
Duvessa hits you with a +1 short sword of flaming!
Duvessa burns you.
Casting: Scorch (safe; 3% risk of failure)
Confirm with . or Enter, or press ? or * to list all spells.
Flames lash Duvessa.
Duvessa is burned terribly!
Duvessa is moderately wounded.
Duvessa hits you with a +1 short sword of flaming!
You closely miss Duvessa.
Duvessa is moderately wounded.
Duvessa hits you with a +1 short sword of flaming.
Duvessa hits you with a +1 short sword of flaming!
* * * LOW HITPOINT WARNING * * *
Okay, then.
Okay, then.
Casting: Scorch (safe; 3% risk of failure)
Confirm with . or Enter, or press ? or * to list all spells.
Okay, then.
You hit Duvessa but do no damage.
Duvessa is moderately wounded.
Duvessa hits you with a +1 short sword of flaming.
You die...

## . #.
###.################
#.....@............#
#.###e############.#
# .# #.## #.#
####.###.# #...#
##.# ..##......<#
..###.# #..#
#.##.#####.##§.# #
#.## #.##.#
#)#...###. #†#
.....# ###))......#
#.# #.##.#
#...##..#.## #.#


You could see Duvessa (berserk, combustible).

Vanquished Creatures
  The ghost of jlumianski the Chiller, an amateur DsIE (D:3)
  A phantom (D:4)
  A scorpion (D:4)
  Dowan (D:4)
  A hound (D:4)
  Jessica (D:3)
  Natasha (thrice) (D:3)
  An orc wizard (D:3)
  Terence (D:3)
  Robin (D:4)
  5 adders
  A shadow imp (D:3)
  2 worms
  2 dart slugs
  6 orcs
  8 ball pythons
  6 bats
  6 endoplasms
  A giant cockroach (D:4)
  15 goblins
  9 hobgoblins
  6 kobolds
  3 quokkas
  4 frilled lizards
  4 rats
90 creatures vanquished.

Vanquished Creatures (others)
  82 foxfires
82 creatures vanquished.

Grand Total: 172 creatures vanquished

Notes
Turn   | Place    | Note
-------+----------+-------------------------------------------
     0 | D:1      | capslocke the Djinni Fire Elementalist began the quest for
                  | the Orb.
     0 | D:1      | capslocke set off with the following spells memorised:
                  | Foxfire, Scorch, Conjure Flame, Inner Flame, Flame Wave.
     0 | D:1      | Reached XP level 1. HP: 15/15 MP: 0/0
   325 | D:1      | Reached XP level 2. HP: 19/21 MP: 0/0
   975 | D:1      | Reached skill level 3 in Spellcasting
  1244 | D:1      | Reached XP level 3. HP: 24/25 MP: 0/0
  1244 | D:1      | Learned a level 1 spell: Apportation
  1519 | D:2      | Noticed a floating eye
  1521 | D:2      | Found a faded altar of an unknown god.
  1523 | D:2      | Noticed a floating eye
  1523 | D:2      | Noticed a floating eye
  1523 | D:2      | Noticed a floating eye
  1657 | D:2      | Identified the +1 leather armour "Heiczon" {Str+2}
  1715 | D:2      | Identified the +9 rapier of the Solstice {flame, rPois
                  | rCorr}
  2420 | D:3      | Noticed Terence
  2428 | D:3      | Killed Terence
  2429 | D:3      | Reached XP level 4. HP: 15/31 MP: 0/0
  2631 | D:3      | Noticed Natasha
  2634 | D:3      | Killed Natasha
  2635 | D:3      | Reached skill level 1 in Short Blades
  2716 | D:3      | Noticed Jessica
  2721 | D:3      | Killed Jessica
  2722 | D:3      | Reached XP level 5. HP: 27/36 MP: 0/0
  2722 | D:3      | Learned a level 2 spell: Wereblood
  2871 | D:3      | Found a runed translucent gate.
  2872 | D:3      | Noticed jlumianski's ghost (amateur DsIE)
  2886 | D:3      | Noticed Natasha
  2887 | D:3      | Found a runed translucent gate.
  2890 | D:3      | Killed Natasha
  2891 | D:3      | Reached skill level 4 in Spellcasting
  2892 | D:3      | Found a runed translucent gate.
  2912 | D:3      | Killed jlumianski's ghost
  2913 | D:3      | Reached XP level 6. HP: 19/41 MP: 0/0
  3174 | D:3      | Noticed Natasha
  3178 | D:3      | Killed Natasha
  3194 | D:4      | Noticed Robin
  3205 | D:3      | Reached skill level 1 in Fighting
  3275 | D:3      | Reached XP level 7. HP: 46/47 MP: 0/0
  3275 | D:3      | Learned a level 3 spell: Confusing Touch
  3297 | D:4      | Killed Robin
  3617 | D:4      | Noticed Dowan
  3625 | D:4      | Killed Dowan
  3901 | D:4      | Noticed Duvessa
  3908 | D:4      | HP: 1/47 [Duvessa/+1 short sword of flaming (16)]
  3909 | D:4      | Slain by Duvessa

Illustrated notes

Levels and vault maps discovered:
D:1:      lightli_iron_boxes, layout_basic
D:2:      layout_basic, basic_altar, hellmonk_ecumenical_altar_watching_god,
          corexii_shack
D:3:      layout_rooms, gammafunk_ghost_split, due_unseen_surprise,
          uniq_natasha, uniq_terence, uniq_jessica
D:4:      layout_loops_ring, minmay_increasing_density, uniq_robin, uniq_duvessa

Skill      XL: |  1  2  3  4  5  6  7 |
---------------+----------------------+-----
Spellcasting   | 3 4 |  4.9
Short Blades   | 1 2 3 |  3.7
Dodging        | 3 |  3.6
Fighting       | 1 |  1.6
Stealth        | |  1.5

Action                   |  1- 3 |  4- 6 |  7- 9 || total
-------------------------+-------+-------+-------++-------
Melee: Unarmed           |     3 |       |       ||     3
       Dagger            |    20 |       |       ||    20
       Rapier            |     7 |    42 |    34 ||    83
 Cast: Foxfire           |    32 |     8 |    19 ||    59
       Scorch            |    10 |     2 |     7 ||    19
       Wereblood         |       |     2 |       ||     2
Evoke: Wand              |       |     1 |       ||     1
 Stab: Sleeping          |     2 |       |       ||     2
Armor: Robe              |     6 |       |       ||     6
       Leather armour    |     2 |    25 |     8 ||    35
Dodge: Dodged            |    36 |    39 |    22 ||    97

Table legend: (Time is in decaauts)
 A = Elapsed time spent in this place.
 B = Non-inter-level travel time spent in this place.
 C = Inter-level travel time spent in this place.
 D = Time resting spent in this place.
 E = Time spent auto-exploring this place.
 F = Levels seen in this place.
 G = Mean time per level.
                   A        B        C        D        E       F      G
               +--------+--------+--------+--------+--------+-----+--------+
         Total |   3922 |   3830 |     92 |    874 |   2361 |   4 |  980.5 |
       Dungeon |   3922 |   3830 |     92 |    874 |   2361 |   4 |  980.5 |
               +--------+--------+--------+--------+--------+-----+--------+

Top non-repeatable levels by time:
     D:1: 1373 daAuts
     D:2: 948 daAuts
     D:3: 947 daAuts
     D:4: 654 daAuts
